 Dungeon Sprint DCSS version 0.21.0-24-g2553a33 (webtiles) character file.

212979 letownia2 the Heavyweight Champion (level 18, -37/236 HPs)
             Began as a Troll Wizard on Jan 21, 2018.
             Was an Initiate of Gozag.
             Killed from afar by Yphusir the pandemonium lord (62 damage)
             ... with a great icy blast
             ... in the Dungeon (Sprint VII: "The Pits").
             The game lasted 00:51:25 (8287 turns).

letownia2 the Heavyweight Champion (Troll Wizard)   Turns: 8287, Time: 00:51:26

Health: -37/236    AC: 34    Str: 29    XL:     18   Next: 63%
Magic:  0/30       EV: 10    Int: 31    God:    Gozag
Gold:   3577       SH: 25    Dex:  3    Spells: 5/35 levels left

rFire    . . .     SeeInvis +     - Unarmed
rCold    + . .     Gourm    +   b - +4 shield of Dishonesty {Int+4}
rNeg     + + +     Faith    .   r - +4 pearl dragon scales "Koirch" {rPois rF- rN+ Int+2}
rPois    +         Spirit   +   v - +2 hat of the Bear Spirit {Spirit, +Rage rN+ MR++}
rElec    +         Reflect  +   s - +2 cloak {MR+}
rCorr    .         Harm     .   (gloves unavailable)
MR       ++++.     NoTele   +   (boots unavailable)
Stlth    ..........             U - amulet of Leowi {Reflect rElec Slay+5 SH+5}
HPRegen  0.89/turn              M - ring "Qeific" {rF+ rN+ Int+7 SInv Stlth-}
MPRegen  0.22/turn              J - ring of Silitzo {rC+ rN+ Str+3 Dex-5 Slay+3}

@: hasted, very quick
A: large, unfitting armour, claws 3, hooves 1, camouflage 1, fast metabolism 3,
gourmand, regeneration 1, shaggy fur 1, strong 2, tough skin 2, sturdy frame 1
a: Potion Petition, Call Merchant, Bribe Branch, Renounce Religion, Evoke
Berserk Rage


You were in the Dungeon.
You worshipped Gozag.
Gozag was most pleased with you.
You were very hungry.

You visited 1 branch You collected 26090 gold pieces.
You spent 6924 gold pieces at shops.
You paid 15589 gold pieces to Gozag.

Inventory:

Armour
 b - the +4 shield of Dishonesty (worn) {Int+4}
   (You found it in the Dungeon)

   It affects your intelligence (+4).
 i - the +0 mask of the Dragon {MR+ Slay+3 SInv}
   (You found it in the Dungeon)

   It affects your accuracy and damage with ranged weapons and melee attacks
   (+3).
   It affects your resistance to hostile enchantments.
   It lets you see invisible.
 r - the +4 pearl dragon scales "Koirch" (worn) {rPois rF- rN+ Int+2}
   (You bought it in a shop in the Dungeon)

   It affects your intelligence (+2).
   It makes you vulnerable to fire.
   It protects you from poison.
   It protects you from negative energy.
 s - a +2 cloak of magic resistance (worn)
 t - a +0 large shield
 v - the +2 hat of the Bear Spirit (worn) {Spirit, +Rage rN+ MR++}
   (You bought it in a shop in the Dungeon)

   It protects you from negative energy.
   It affects your resistance to hostile enchantments.
   It lets you go berserk.
 A - +4 ice dragon scales
 F - +4 fire dragon scales
Magical Staves
 e - an uncursed staff of energy
Jewellery
 c - the ring "Upnimios" {Wiz MR+ MP+9 Stlth+}
   (You found it in the Dungeon)

   [ring of wizardry]

   It improves your spell success rate.
   It affects your resistance to hostile enchantments.
   It affects your magic capacity (+9).
   It makes you more stealthy.
 w - the ring of Pyiden {rF+ Dex+3 Slay+3}
   (You bought it in a shop in the Dungeon)

   [ring of protection from fire]

   It affects your dexterity (+3).
   It affects your accuracy and damage with ranged weapons and melee attacks
   (+3).
   It protects you from fire.
 D - the ring "Coolie" {rF+ rN+ Slay+3}
   (You found it in the Dungeon)

   [ring of protection from fire]

   It affects your accuracy and damage with ranged weapons and melee attacks
   (+3).
   It protects you from fire.
   It protects you from negative energy.
 H - the ring of Oladuzil {rF+ MR+ Int+4 SInv}
   (You found it in the Dungeon)

   [ring of see invisible]

   It affects your intelligence (+4).
   It protects you from fire.
   It affects your resistance to hostile enchantments.
   It lets you see invisible.
 I - the ring of Plog {rElec EV+6 Str+6}
   (You found it in the Dungeon)

   [ring of evasion]

   It affects your evasion (+6).
   It affects your strength (+6).
   It insulates you from electricity.
 J - the ring of Silitzo (right claw) {rC+ rN+ Str+3 Dex-5 Slay+3}
   (You found it in the Dungeon)

   [ring of protection from cold]

   It affects your strength (+3).
   It affects your dexterity (-5).
   It affects your accuracy and damage with ranged weapons and melee attacks
   (+3).
   It protects you from cold.
   It protects you from negative energy.
 L - the ring of Wourgh {rCorr Str+2}
   (You found it in the Dungeon)

   [ring of resist corrosion]

   It affects your strength (+2).
 M - the ring "Qeific" (left claw) {rF+ rN+ Int+7 SInv Stlth-}
   (You found it in the Dungeon)

   [ring of positive energy]

   It affects your intelligence (+7).
   It protects you from fire.
   It protects you from negative energy.
   It lets you see invisible.
   It makes you less stealthy.
 N - the ring of the Final Decision {AC+6 Int+4}
   (You found it in the Dungeon)

   [ring of protection]

   It affects your AC (+6).
   It affects your intelligence (+4).
 U - the amulet of Leowi (around neck) {Reflect rElec Slay+5 SH+5}
   (You found it in the Dungeon)

   [amulet of reflection]

   It shields you and reflects attacks.
   It affects your accuracy and damage with ranged weapons and melee attacks
   (+5).
   It insulates you from electricity.
   It affects your SH (+5).
Wands
 O - a wand of iceblast (12)
Scrolls
 g - a scroll of magic mapping
 l - 4 scrolls of remove curse
 m - 5 scrolls of amnesia
 n - a scroll of summoning
 x - 2 scrolls of fog
 y - 2 scrolls of identify
 C - 4 scrolls of enchant weapon
Potions
 f - 16 potions of heal wounds
 h - 4 potions of magic
 j - 6 potions of haste
 k - a potion of invisibility
 o - 13 potions of curing
 p - 4 potions of brilliance
 q - 4 potions of mutation
 z - 3 potions of might
Miscellaneous
 d - a phial of floods
 E - a box of beasts
Comestibles
 a - 8 rations


   Skills:
 O Level 27 Fighting
 - Level 25.3 Armour
 + Level 10.0 Dodging
 - Level 1.0 Stealth
 - Level 22.0 Shields
 O Level 27 Unarmed Combat
 - Level 9.1 Spellcasting
 - Level 4.0 Conjurations
 - Level 0.6 Summonings
 - Level 3.0 Translocations
 - Level 2.9 Fire Magic
 - Level 3.2 Air Magic
 - Level 3.4 Poison Magic


You had 5 spell levels left.
You knew the following spells:

 Your Spells              Type           Power        Failure   Level  Hunger
a - Magic Dart            Conj           ####         1%          1    None
b - Blink                 Tloc           N/A          1%          2    None
c - Conjure Flame         Conj/Fire      #####...     3%          3    None
e - Mephitic Cloud        Conj/Pois/Air  #####...     3%          3    None
i - Call Imp              Summ           ###.....     5%          2    None
n - Ignite Poison         Fire/Tmut/Pois ####....     6%          3    None
o - Ring of Flames        Chrm/Fire      ###.......   100%        7    ######.
s - Swiftness             Chrm/Air       ###.....     3%          2    None
u - Statue Form           Tmut/Erth      ##.......    100%        6    #####..
z - Summon Butterflies    Summ           ###.....     3%          1    None


Dungeon Overview and Level Annotations

Branches:
Dungeon (1/1)

Altars:
Ashenzari
Cheibriados
Dithmenos
Elyvilon
Fedhas
Gozag
Hepliaklqana
Kikubaaqudgha
Makhleb
Nemelex Xobeh
Okawaru
Qazlal
Ru
Sif Muna
Trog
Uskayaw
Vehumet
Wu Jian
Xom
Yredelemnul
Zin
The Shining One
Beogh
Jiyva
Lugonu

Shops:
D [=[*[:=:[


Innate Abilities, Weirdness & Mutations

You are too large for most types of armour.
You have claws for hands.
Your metabolism is lightning-fast.
You like to eat raw meat.
Your natural rate of healing is unusually fast.
You are covered in fur. (AC +1)
You have very tough skin. (AC +2)
You have large cloven feet.
Your skin changes colour to match your surroundings (Stealth+).
Your muscles are very strong. (Str +4)
Your movements are slightly less encumbered by armour. (ER -2)


Message History

Yphusir gestures at you.
Yphusir conjures a mighty blast of ice!
The great icy blast engulfs you! You partially resist.
* * * LOW HITPOINT WARNING * * *
You are encased in ice.
Unknown command.
Unknown command.
Unknown command.
Unknown command.
Unknown command.
Unknown command.
You feel yourself speed up.
You feel much better. The ice encasing you melts away.
Yphusir is engulfed in freezing vapours.
Yphusir gestures at you.
Yphusir conjures a mighty blast of ice!
The great icy blast engulfs you! You partially resist.
You die...
Your body crumbles into a pile of gold.

,,,,,,,,**************+**********
,,,,,,,,**,,,,,,,,,,,,,,,,,,,,,,,
,,,,,,,,**,,,,,,,,,,,,,,,,,,,,,,,
,,,,,,,,************************+
,,,,,,,,* ###### ### ### ### #+
,,,,,,,,* #.&#.###.###.###.#####.
,,,,,,,,*####§§§§§§.#...'...).##'
,,,,,,,,*#.###§###§###.###.#####.
,,,,,,,**##'.#§#@##'.##'.###.###'
,,,,,,** #...#&..#...#...#...##.
,,,,,** ###.###§'##.'##§##))###'
++**** #.#'#.###.#'#.#§#.#'# #.
++**** *#')'##.###.###.###.###'
,,,,,*** #).)))).#...'...#...##.
,,,,,,,** ##.###.##'.'##.'#'.###'
,,,,,,,,* *###*#+#.###.###.#'# #.
,,,,,,,,***<<<<<<##+.###.###.###'


You could see Yphusir.

Vanquished Creatures
  the Serpent of Hell (D)
  Khufu (D)
  3 ancient liches (D)
  2 greater mummies (D)
  Margery (D)
  Frederick (D)
  A Killer Klown (D)
  A profane servitor (D)
  3 Tzitzimimeh (D)
  A pearl dragon (D)
  A pandemonium lord (D)
  2 Brimstone Fiends (D)
  3 electric golems (D)
  A tentacled monstrosity (D)
  3 hellephants (D)
  3 Hell Sentinels (D)
  5 liches (D)
  3 titans (D)
  A deep elf blademaster (D)
  2 deep elf master archers (D)
  An acid blob (D)
  3 sphinxes (D)
  2 storm dragons (D)
  2 draconian monks (D)
  2 shadow dragons (D)
  5 nagarajas (D)
  A frost giant (D)
  Donald (D)
  2 fire giants (D)
  2 draconian knights (D)
  A deep elf sorcerer (D)
  2 orc warlords (D)
  2 iron dragons (D)
  2 ghost moths (D)
  A cacodemon (D)
  A daeva (D)
  An emperor scorpion (D)
  An angel (D)
  A reaper (D)
  A spriggan defender (D)
  8 ghouls (D)
  A war gargoyle (D)
  A draconian annihilator (D)
  A draconian shifter (D)
  An ophan (D)
  A lorocyproca (D)
  A yellow draconian (D)
  2 deep elf annihilators (D)
  A white draconian (D)
  3 deep elf demonologists (D)
  3 deep elf death magi (D)
  A fire dragon (D)
  5 blizzard demons (D)
  4 green deaths (D)
  A minotaur (D)
  A death ooze (D)
  A yaktaur captain (D)
  A deep elf high priest (D)
  A vault guard (D)
  A hydra (D)
  2 centaur warriors (D)
  3 naga warriors (D)
  A spriggan air mage (D)
  A hell beast (D)
  5 two-headed ogres (D)
  A death knight (D)
  An alligator snapping turtle (D)
  A death yak (D)
  3 ogre magi (D)
  8 hell knights (D)
  A vampire mage (D)
  A sun demon (D)
  5 deep elf knights (D)
  A shadow wraith (D)
  A sea snake (D)
  3 unseen horrors (D)
  An iron troll (D)
  A spriggan druid (D)
  A flayed ghost (D)
  A deep troll (D)
  4 wizards (D)
  A swamp dragon (D)
  A phantasmal warrior (D)
  3 necromancers (D)
  A manticore (D)
  A mana viper (shapeshifter) (D)
  12 orc knights (D)
  A deep elf mage (D)
  3 moths of wrath (D)
  2 cyclopes (D)
  An elephant (D)
  A guardian serpent (D)
  A naga mage (D)
  A molten gargoyle (D)
  A black mamba (D)
  A rust devil (D)
  2 eyes of devastation (D)
  2 smoke demons (D)
  2 hellions (D)
  A kobold demonologist (D)
  A tormentor (D)
  2 ice devils (D)
  A hellwing (D)
  3 jumping spiders (D)
  A tyrant leech (D)
  2 red devils (D)
  2 wind drakes (D)
  A polar bear (D)
  2 snapping turtles (D)
  2 dream sheep (D)
  3 blink frogs (D)
  4 redbacks (D)
  A ynoxinul (D)
  A fire bat (D)
  A tarantella (D)
  2 golden eyes (D)
  Grum (D)
  A hungry ghost (D)
  A soldier ant (D)
  9 insubstantial wisps (D)
  A floating eye (D)
  5 hell hounds (D)
  A floating eye (shapeshifter) (D)
  A swamp drake (D)
  Purgy (D)
  An orc warrior (D)
  A black bear (D)
  An eye of draining (D)
  A phantom (D)
  6 wolves (D)
  2 ogres (D)
  5 necrophages (D)
  A crocodile (D)
  A bullfrog (D)
  An earth elemental (D)
  6 killer bees (D)
  4 wights (D)
  A quasit (D)
  4 orc priests (D)
  An iguana (D)
  An orc wizard (D)
  A hell rat (D)
  An adder (D)
  3 ufetubi (D)
  An ooze (D)
  2 adder skeletons (D)
  A worm (D)
  A leopard gecko (D)
  5 orcs (D)
  A bat zombie (D)
  2 giant cockroaches (D)
  A goblin (D)
  A quokka (D)
  3 ball pythons (D)
  3 kobolds (D)
  A leopard gecko simulacrum (D)
310 creatures vanquished.

Vanquished Creatures (collateral kills)
  An ogre (D)
1 creature vanquished.

Vanquished Creatures (others)
  A balrug (D)
  A dancing weapon (D)
  A redback (D)
  A tarantella (D)
  An orc (D)
5 creatures vanquished.

Grand Total: 316 creatures vanquished

Notes
Turn   | Place    | Note
-------+----------+-------------------------------------------
     0 | D        | letownia2 the Troll Wizard began the quest for the Orb.
     0 | D        | Reached XP level 1. HP: 16/16 MP: 2/2
    11 | D        | Reached skill level 1 in Fighting
    17 | D        | Found a glowing golden altar of the Shining One.
    17 | D        | Found a glowing silver altar of Zin.
    17 | D        | Found a basalt altar of Yredelemnul.
    17 | D        | Found a shimmering altar of Xom.
    17 | D        | Found an ornate altar of the Wu Jian Council.
    17 | D        | Found a bloodstained altar of Trog.
    17 | D        | Found a deep blue altar of Sif Muna.
    17 | D        | Found a sacrificial altar of Ru.
    17 | D        | Found a stormy altar of Qazlal.
    17 | D        | Found an iron altar of Okawaru.
    17 | D        | Found a sparkling altar of Nemelex Xobeh.
    17 | D        | Found a burning altar of Makhleb.
    17 | D        | Found a viscous altar of Jiyva.
    17 | D        | Found a hazy altar of Hepliaklqana.
    17 | D        | Found an opulent altar of Gozag.
    17 | D        | Found a blossoming altar of Fedhas.
    17 | D        | Found a white marble altar of Elyvilon.
    17 | D        | Found a shadowy altar of Dithmenos.
    17 | D        | Found a snail-covered altar of Cheibriados.
    18 | D        | Found a radiant altar of Vehumet.
    18 | D        | Found a corrupted altar of Lugonu.
    18 | D        | Found a roughly hewn altar of Beogh.
    19 | D        | Found an ancient bone altar of Kikubaaqudgha.
    19 | D        | Found a hide-covered altar of Uskayaw.
    19 | D        | Found a shattered altar of Ashenzari.
    21 | D        | Became a worshipper of Gozag Ym Sagoz the Greedy
    70 | D        | Reached XP level 2. HP: 18/27 MP: 4/4
   105 | D        | Reached skill level 5 in Unarmed Combat
   111 | D        | Reached XP level 3. HP: 17/33 MP: 5/5
   116 | D        | Learned a level 3 spell: Mephitic Cloud
   168 | D        | Noticed a bullfrog
   169 | D        | Noticed a floating eye
   170 | D        | Noticed a black bear
   170 | D        | Paralysed by a floating eye for 2 turns
   172 | D        | Noticed a hungry ghost
   173 | D        | Killed a floating eye
   173 | D        | Reached skill level 1 in Air Magic
   173 | D        | Reached skill level 1 in Poison Magic
   173 | D        | Reached XP level 4. HP: 41/41 MP: 6/6
   175 | D        | Killed a bullfrog
   175 | D        | Reached XP level 5. HP: 41/48 MP: 6/8
   194 | D        | Killed a hungry ghost
   194 | D        | Reached XP level 6. HP: 59/59 MP: 7/10
   210 | D        | Learned a level 3 spell: Conjure Flame
   213 | D        | Learned a level 2 spell: Blink
   250 | D        | Noticed Grum
   256 | D        | Killed Grum
   256 | D        | Reached skill level 1 in Translocations
   256 | D        | Reached skill level 1 in Fire Magic
   256 | D        | Reached XP level 7. HP: 64/66 MP: 7/11
   260 | D        | Noticed Purgy
   260 | D        | Noticed a fire bat
   265 | D        | Killed a fire bat
   265 | D        | Reached skill level 10 in Unarmed Combat
   330 | D        | Killed Purgy
   365 | D        | Noticed a snapping turtle
   365 | D        | Noticed a polar bear
   400 | D        | Killed a polar bear
   400 | D        | Reached XP level 8. HP: 56/78 MP: 5/13
   412 | D        | Killed a snapping turtle
   564 | D        | Learned a level 2 spell: Call Imp
   579 | D        | Noticed a nagaraja
   619 | D        | Killed a nagaraja
   619 | D        | Reached XP level 9. HP: 16/93 MP: 5/14
   773 | D        | Noticed a smoke demon
   775 | D        | Noticed a kobold demonologist
   782 | D        | Killed a smoke demon
   782 | D        | Reached skill level 15 in Unarmed Combat
   786 | D        | Killed a kobold demonologist
   797 | D        | Reached skill level 5 in Spellcasting
  1078 | D        | Killed an unseen horror
  1088 | D        | Noticed a cyclops
  1096 | D        | Killed a cyclops
  1096 | D        | Reached XP level 10. HP: 104/104 MP: 11/16
  1152 | D        | Noticed a wizard
  1164 | D        | Noticed a flayed ghost
  1170 | D        | Killed a flayed ghost
  1174 | D        | Killed a wizard
  1198 | D        | Noticed a manticore
  1210 | D        | Killed a manticore
  1246 | D        | Noticed Donald
  1428 | D        | Killed Donald
  1490 | D        | Found the +0 mask of the Dragon {MR+ Slay+3 SInv}
  1513 | D        | Noticed a nagaraja
  1573 | D        | Killed a nagaraja
  1573 | D        | Reached skill level 5 in Shields
  1573 | D        | Reached XP level 11. HP: 90/115 MP: 6/17
  1654 | D        | Killed an unseen horror
  1683 | D        | Noticed a phantasmal warrior
  1683 | D        | Noticed a death yak
  1692 | D        | Killed a phantasmal warrior
  1789 | D        | Killed a death yak
  1891 | D        | Killed an unseen horror
  2044 | D        | Reached skill level 10 in Fighting
  2065 | D        | Killed a shadow wraith
  2189 | D        | Bought swamp dragon scales for 1150 gold pieces
  2198 | D        | Noticed a deep elf mage
  2204 | D        | Killed a deep elf mage
  2208 | D        | Bought the ring of Pyiden {rF+ Dex+3 Slay+3} for 865 gold pieces
  2293 | D        | Reached skill level 1 in Armour
  2484 | D        | Noticed a two-headed ogre
  2484 | D        | Noticed a centaur warrior
  2495 | D        | Killed a two-headed ogre
  2506 | D        | Killed a centaur warrior
  2509 | D        | Noticed a deep troll
  2510 | D        | Noticed a swamp dragon
  2518 | D        | Killed a deep troll
  2518 | D        | Reached skill level 5 in Armour
  2518 | D        | Reached XP level 12. HP: 127/127 MP: 11/21
  2576 | D        | Noticed a fire giant
  2588 | D        | Noticed a spriggan defender
  2589 | D        | Noticed a hell beast
  2592 | D        | Killed a fire giant
  2595 | D        | Killed a spriggan defender
  2598 | D        | Noticed an emperor scorpion
  2599 | D        | Killed a hell beast
  2621 | D        | Killed an emperor scorpion
  2657 | D        | Noticed a ghoul
  2680 | D        | Killed a ghoul
  2731 | D        | Noticed a war gargoyle
  2740 | D        | Killed a war gargoyle
  2859 | D        | Killed a ghost moth
  2871 | D        | Noticed a deep elf demonologist
  2916 | D        | Killed a deep elf demonologist
  3018 | D        | Noticed a ghoul
  3018 | D        | Noticed a ghoul
  3019 | D        | Noticed a ghoul
  3041 | D        | Killed a ghoul
  3041 | D        | Reached XP level 13. HP: 111/144 MP: 6/24
  3047 | D        | Noticed a ghoul
  3048 | D        | Killed a ghoul
  3070 | D        | Killed a ghoul
  3191 | D        | Noticed a blizzard demon
  3191 | D        | Noticed a ghoul
  3199 | D        | Killed a blizzard demon
  3202 | D        | Noticed a green death
  3215 | D        | Killed a ghoul
  3590 | D        | Noticed an ophan
  3596 | D        | Killed an ophan
  3603 | D        | Reached skill level 15 in Fighting
  3711 | D        | Got the cursed +0 helmet "Yhulega" {rPois Str+6 Slay-3 SInv}
  3728 | D        | Found the +9 staff of Wucad Mu {channel}
  3728 | D        | Got the +4 shield of Dishonesty {Int+4}
  3784 | D        | Noticed a fire dragon
  3804 | D        | Killed a fire dragon
  3809 | D        | Killed a green death
  3902 | D        | Noticed a nagaraja
  3902 | D        | Noticed a nagaraja
  3902 | D        | Noticed an iron dragon
  3907 | D        | Killed a nagaraja
  3911 | D        | Killed a nagaraja
  3921 | D        | Killed an iron dragon
  3926 | D        | Reached XP level 14. HP: 91/163 MP: 24/26
  3962 | D        | Bought a scroll labeled QULOAZ RASMEP for 30 gold pieces
  3962 | D        | Bought a scroll labeled QULOAZ RASMEP for 30 gold pieces
  3994 | D        | Killed a ghoul
  4025 | D        | Noticed a ghoul
  4025 | D        | Noticed a ghoul
  4057 | D        | HP: 4/163 [ghoul (17)]
  4059 | D        | Killed a ghoul
  4068 | D        | Killed a ghoul
  4119 | D        | HP: 3/163 [black draconian/bolt of lightning (36)]
  4356 | D        | Noticed an iron dragon
  4367 | D        | Killed an iron dragon
  4473 | D        | Noticed a Tzitzimitl
  4489 | D        | Killed a Tzitzimitl
  4489 | D        | Reached skill level 5 in Dodging
  4702 | D        | Noticed an orc warlord
  4702 | D        | Noticed an orc warlord
  4719 | D        | Noticed a daeva
  4801 | D        | Killed a daeva
  4893 | D        | Noticed a frost giant
  4912 | D        | Killed a frost giant
  5029 | D        | Noticed a storm dragon
  5039 | D        | Killed a storm dragon
  5123 | D        | Killed an orc warlord
  5227 | D        | Noticed a storm dragon
  5255 | D        | Killed a storm dragon
  5255 | D        | Reached XP level 15. HP: 123/178 MP: 15/27
  5270 | D        | Killed an orc warlord
  5487 | D        | Got the ring "Giw Veim" {*Corrode rElec rPois rN++ MR+}
  5490 | D        | Got the ring of Beogh's Brutal Revenge {rPois rF+ MR+ MP-9 SInv}
  5492 | D        | Got the ring "Cagajoam" {Str+3 Slay+1 Stlth+}
  5494 | D        | Got the amulet of Lifryssin {Gourm Int+7 SInv}
  5496 | D        | Got the ring "Lest" {Fire Slay+5}
  5498 | D        | Got the ring of Wourgh {rCorr Str+2}
  5500 | D        | Got the ring "Qeific" {rF+ rN+ Int+7 SInv Stlth-}
  5502 | D        | Got the ring "Giusiriv" {+Inv MP+9}
  5539 | D        | Noticed an electric golem
  5566 | D        | Killed an electric golem
  5566 | D        | Reached skill level 27 in Unarmed Combat
  5597 | D        | Bought smoking pearl dragon scales for 3105 gold pieces
  5605 | D        | Noticed a titan
  5628 | D        | Identified the +4 pearl dragon scales "Koirch" {rPois rF- rN+ Int+2} (You bought it in a shop in the Dungeon)
  5652 | D        | Killed a titan
  5676 | D        | Noticed a profane servitor
  5693 | D        | Killed a profane servitor
  5724 | D        | Noticed a lich
  5726 | D        | Noticed a deep elf master archer
  5726 | D        | Noticed a lich
  5726 | D        | Noticed Frederick
  5727 | D        | Noticed a lich
  5727 | D        | Noticed a storm dragon
  5728 | D        | Noticed a hellephant
  5731 | D        | Killed a lich
  5826 | D        | Killed a lich
  5829 | D        | Killed Frederick
  5833 | D        | Killed a lich
  5891 | D        | Killed a deep elf master archer
  6099 | D        | Noticed Margery
  6115 | D        | Killed Margery
  6115 | D        | Reached skill level 10 in Armour
  6123 | D        | Reached XP level 16. HP: 186/204 MP: 23/28
  6147 | D        | Killed a hellephant
  6194 | D        | Noticed a tentacled monstrosity
  6203 | D        | Killed a tentacled monstrosity
  6397 | D        | Reached skill level 15 in Armour
  6400 | D        | Noticed a deep elf master archer
  6400 | D        | Noticed a pearl dragon
  6425 | D        | Killed a deep elf master archer
  6428 | D        | Killed a pearl dragon
  6486 | D        | Noticed a shadow dragon
  6492 | D        | Killed a shadow dragon
  6602 | D        | Noticed a sphinx
  6607 | D        | Paralysed by a sphinx for 2 turns
  6840 | D        | Noticed a sphinx
  6846 | D        | Killed a sphinx
  6857 | D        | Noticed a titan
  6868 | D        | Killed a sphinx
  6871 | D        | Killed a titan
  6872 | D        | Noticed a sphinx
  6873 | D        | Killed a sphinx
  6901 | D        | Got the amulet of Benevolence {Gourm +Inv rF+ Str+3}
  6903 | D        | Got the amulet of Generosity {Gourm +Fly rPois}
  6905 | D        | Got the amulet "Naic" {Fragile +Rage rN+ Dex+5}
  6907 | D        | Got the amulet "Cyolih" {Gourm *Slow rN++ MP+9 Str+3}
  6909 | D        | Got the amulet of Julop {Regen+ Str+2 Int+2 Dex+4}
  6911 | D        | Got the amulet "Cunnanak" {Faith rElec rN+++ Str-3 Dex+4}
  6913 | D        | Got the ring "Cugutieps" {Fire +Blink rPois Str+4 Int-3}
  6915 | D        | Got the amulet of Law {Faith +Blink Int+9 Dex-2}
  6917 | D        | Got the ring "Qafavvos" {Str+5 Int-2 Stlth+}
  6919 | D        | Got the amulet of Fasueg {RegenMP Str+4}
  6921 | D        | Got the amulet of Leowi {Reflect rElec Slay+5 SH+5}
  6923 | D        | Got the amulet "Huidwim" {Regen+ Str+3}
  6925 | D        | Got the ring of Fuv Myak {Ice -Tele Str+2 Int+3 Dex+4 Stlth+}
  6928 | D        | Got the ring of Tohinun {Dex+5 Slay+3}
  6933 | D        | Noticed a lich
  6939 | D        | Killed a lich
  7026 | D        | Identified the Disquisition on Cold and Shape Shifting (You found it in the Dungeon)
  7028 | D        | Identified the Disquisition on Cold and Shape Shifting (You found it in the Dungeon)
  7037 | D        | Identified the Collected Works on the Icy Traveller (You found it in the Dungeon)
  7042 | D        | Identified the Collected Works on the Icy Traveller (You found it in the Dungeon)
  7046 | D        | Identified the Guide on the Frostbite (You found it in the Dungeon)
  7048 | D        | Identified the Catalogue of the Toxic Mountains (You found it in the Dungeon)
  7052 | D        | Learned a level 1 spell: Summon Butterflies
  7061 | D        | Identified the Catalogue of Igneous Venom (You found it in the Dungeon)
  7072 | D        | Learned a level 6 spell: Statue Form
  7081 | D        | Learned a level 2 spell: Swiftness
  7085 | D        | Learned a level 3 spell: Ignite Poison
  7093 | D        | Learned a level 7 spell: Ring of Flames
  7108 | D        | Got the ring of Hito {rF+ rN+ Str-3 SInv}
  7116 | D        | Got the ring "Urghiallo" {rPois rN+ Dex+5}
  7119 | D        | Got the ring "Upnimios" {Wiz MR+ MP+9 Stlth+}
  7122 | D        | Got the ring of Neanoick {rC+ Dex+3}
  7129 | D        | Got the ring "Coolie" {rF+ rN+ Slay+3}
  7131 | D        | Got the ring of Miracles {rPois rC+ Int+3 SInv}
  7133 | D        | Got the ring of Oladuzil {rF+ MR+ Int+4 SInv}
  7135 | D        | Got the ring "Quagukk" {rPois rF+ MR+}
  7138 | D        | Got the ring "Duovvin" {rPois rN+ Dex+6 SInv}
  7141 | D        | Got the ring of Plog {rElec EV+6 Str+6}
  7143 | D        | Got the ring of Vampiric Thralls {rPois Str+4 Int+4}
  7146 | D        | Got the ring of Silitzo {rC+ rN+ Str+3 Dex-5 Slay+3}
  7148 | D        | Got the ring "Akhla" {rN+ MR+ Slay+3}
  7151 | D        | Got the ring of the Final Decision {AC+6 Int+4}
  7178 | D        | Gained mutation: You are frail. (-10% HP) [potion of mutation]
  7178 | D        | Gained mutation: Your muscles are strong. (Str +2) [potion of mutation]
  7178 | D        | Gained mutation: Your muscles are very strong. (Str +4) [potion of mutation]
  7179 | D        | Lost mutation: Your muscles are very strong. (Str +4) [potion of mutation]
  7179 | D        | Lost mutation: You are frail. (-10% HP) [potion of mutation]
  7179 | D        | Gained mutation: Your muscles are very strong. (Str +4) [potion of mutation]
  7179 | D        | Gained mutation: You have large cloven feet. [potion of mutation]
  7179 | D        | Gained mutation: Your movements are slightly less encumbered by armour. (ER -2) [potion of mutation]
  7179 | D        | Gained mutation: Your skin changes colour to match your surroundings (Stealth+). [potion of mutation]
  7230 | D        | Noticed an electric golem
  7236 | D        | Killed an electric golem
  7243 | D        | Noticed a titan
  7247 | D        | Killed a titan
  7247 | D        | Reached XP level 17. HP: 199/213 MP: 29/29
  7263 | D        | Noticed an acid blob
  7267 | D        | Killed an acid blob
  7293 | D        | Noticed a hellephant
  7297 | D        | Killed a hellephant
  7302 | D        | Noticed the Serpent of Hell
  7308 | D        | Noticed a quicksilver dragon
  7316 | D        | Killed the Serpent of Hell
  7499 | D        | Noticed a Tzitzimitl
  7503 | D        | Killed a Tzitzimitl
  7572 | D        | Bought a ration for 65 gold pieces
  7572 | D        | Bought a ration for 65 gold pieces
  7572 | D        | Bought a ration for 65 gold pieces
  7572 | D        | Bought a ration for 65 gold pieces
  7572 | D        | Bought a ration for 65 gold pieces
  7572 | D        | Bought a ration for 65 gold pieces
  7572 | D        | Bought a ration for 65 gold pieces
  7572 | D        | Bought a ration for 65 gold pieces
  7572 | D        | Bought a ration for 65 gold pieces
  7572 | D        | Bought a ration for 65 gold pieces
  7575 | D        | Bought the +2 hat of the Bear Spirit {Spirit, +Rage rN+ MR++} for 1094 gold pieces
  7575 | D        | Found the +2 hat of the Bear Spirit {Spirit, +Rage rN+ MR++}
  7647 | D        | Noticed a Hell Sentinel
  7655 | D        | Killed a Hell Sentinel
  7710 | D        | Reached skill level 10 in Shields
  7717 | D        | Noticed a Brimstone Fiend
  7717 | D        | Noticed an ancient lich
  7720 | D        | Killed a Brimstone Fiend
  7723 | D        | Killed an ancient lich
  7828 | D        | Noticed a deep elf blademaster
  7832 | D        | Killed a deep elf blademaster
  7832 | D        | Reached skill level 10 in Dodging
  7915 | D        | Noticed a Tzitzimitl
  7921 | D        | Killed a Tzitzimitl
  7934 | D        | Noticed a Killer Klown
  7934 | D        | Noticed an ancient lich
  7937 | D        | Noticed a lich
  7938 | D        | Killed a lich
  7945 | D        | Killed an ancient lich
  7945 | D        | Reached skill level 15 in Shields
  7951 | D        | Killed a Killer Klown
  8064 | D        | Noticed Songom the pandemonium lord
  8065 | D        | Noticed a Hell Sentinel
  8070 | D        | Noticed a Hell Sentinel
  8078 | D        | Killed Songom the pandemonium lord
  8078 | D        | Reached XP level 18. HP: 210/230 MP: 22/30
  8084 | D        | Killed a Hell Sentinel
  8091 | D        | Killed a Hell Sentinel
  8150 | D        | Noticed a Brimstone Fiend
  8152 | D        | Killed a Brimstone Fiend
  8162 | D        | Noticed Khufu
  8162 | D        | Noticed a greater mummy
  8162 | D        | Noticed a greater mummy
  8163 | D        | Noticed a hellephant
  8172 | D        | Killed a greater mummy
  8177 | D        | Killed a greater mummy
  8187 | D        | Killed Khufu
  8196 | D        | Reached skill level 27 in Fighting
  8200 | D        | Killed a hellephant
  8222 | D        | Noticed an electric golem
  8234 | D        | Killed an electric golem
  8263 | D        | Noticed an ancient lich
  8268 | D        | Killed an ancient lich
  8277 | D        | Noticed Yphusir the pandemonium lord
  8284 | D        | HP: 5/236 [Yphusir the pandemonium lord/great icy blast (24)]
  8287 | D        | Killed from afar by Yphusir the pandemonium lord

Skill      XL: |  1  2  3  4  5  6  7  8  9 10 11 12 13 14 15 16 17 18 |
---------------+-------------------------------------------------------+-----
Fighting       | 1 2 3 7 8 9 10 13 16 18 23 25 27 | 27.0
Unarmed Combat | 4 5 6 7 8 9 11 14 16 18 19 21 23 26 27 | 27.0
Dodging        | 2 6 10 | 10.0
Conjurations   | 2 3 4 |  4.0
Air Magic      | 1 2 3 |  3.2
Poison Magic   | 1 2 3 |  3.4
Spellcasting   | 3 4 5 7 8 9 |  9.1
Translocations | 1 3 |  3.0
Fire Magic     | 1 2 |  2.9
Shields        | 5 9 16 22 | 22.0
Armour         | 5 6 8 11 22 25 | 25.3
Stealth        | |  1.0
Summonings     | |  0.6

Action                   |  1- 3 |  4- 6 |  7- 9 | 10-12 | 13-15 | 16-18 || total
-------------------------+-------+-------+-------+-------+-------+-------++-------
Melee: Unarmed           |    34 |    26 |    55 |   243 |   470 |   372 ||  1200
       Punch             |     2 |     1 |     1 |       |       |       ||     4
       Kick              |       |       |       |       |       |    68 ||    68
 Cast: Mephitic Cloud    |       |     1 |     9 |    16 |    23 |     5 ||    54
       Blink             |       |       |     3 |    20 |    12 |     9 ||    44
       Conjure Flame     |       |       |     4 |    22 |    29 |       ||    55
       Magic Dart        |       |       |       |       |     1 |       ||     1
Invok: Call Merchant     |       |       |       |     2 |     6 |     2 ||    10
       Potion Petition   |       |       |       |     1 |     3 |     2 ||     6
 Abil: Evoke Berserk Rag |       |       |       |       |       |     1 ||     1
Evoke: Phial of floods   |       |       |       |       |     1 |       ||     1
  Use: Potion            |       |     1 |     1 |     4 |     7 |     4 ||    17
       Scroll            |       |       |       |       |     2 |     2 ||     4
 Stab: Confused          |       |     1 |     6 |     7 |    14 |     4 ||    32
       Distracted        |       |       |     1 |     2 |     3 |     2 ||     8
       Invisible         |       |       |       |       |     1 |       ||     1
  Eat: Ration            |       |     2 |     2 |     6 |     8 |     5 ||    23
Armor: Robe              |    15 |     6 |    25 |    18 |       |       ||    64
       Swamp dragon scal |       |       |       |    38 |    33 |       ||    71
       Pearl dragon scal |       |       |       |       |    12 |   105 ||   117
Dodge: Dodged            |    19 |     5 |    28 |    51 |    68 |    56 ||   227
Block: Shield            |       |       |       |    57 |   142 |   140 ||   339
       Reflection        |       |       |       |       |       |     2 ||     2
